 Dungeon Sprint DCSS version 0.26-a0-1107-g6118521029 (webtiles) character file.

Game seed: 8595536600332581074

209 mhtbhm the Cudgeller (level 6, -1/52 HPs)
             Began as a Human Fighter on Dec 16, 2020.
             Was an Initiate of Okawaru.
             Slain by an unseen horror (2 damage)
             ... in the Dungeon (Sprint IX: "|||||||||||||||||||||||||||||").
             The game lasted 00:01:27 (572 turns).

mhtbhm the Cudgeller (Human Fighter)                 Turns: 572, Time: 00:01:28

Health: -1/52      AC: 13    Str: 19    XL:     6   Next: 12%
Magic:  6/6        EV:  6    Int: 11    God:    Okawaru [......]
Gold:   0          SH: 10    Dex: 15    Spells: 5/5 levels left

rFire    . . .     SeeInvis .   a - +2 morningstar (vorpal)
rCold    . . .     Faith    .   c - +0 kite shield
rNeg     . . .     Spirit   .   b - +1 chain mail
rPois    .         Reflect  .   n - +0 helmet
rElec    .         Harm     .   o - +0 cloak
rCorr    .         Rampage  .   (no gloves)
Will     .....     NoTele   +   (no boots)
Stlth    ..........             (no amulet)
HPRegen  0.17/turn              p - +3 ring of dexterity
MPRegen  0.10/turn              q - +3 ring of intelligence

@: very slightly contaminated
A: no striking features
a: Renounce Religion


You were in the Dungeon.
You worshipped Okawaru.
Okawaru was noncommittal.
You visited 1 branch

Inventory:

Hand Weapons
 a - a +2 vorpal morningstar (weapon)
Armour
 b - a +1 chain mail (worn)
 c - a +0 kite shield (worn)
 n - a +0 helmet (worn)
 o - a +0 cloak (worn)
Jewellery
 p - a +3 ring of dexterity (left hand)
 q - a +3 ring of intelligence (right hand)
Wands
 m - a wand of iceblast (10)
Scrolls
 j - 2 scrolls of blinking
 k - 3 scrolls of remove curse
 l - 2 scrolls of amnesia
Potions
 d - a potion of might
 f - a potion of heal wounds
 g - a potion of haste
 h - 4 potions of magic
 i - 4 potions of curing


   Skills:
 + Level 6.2 Fighting
 + Level 6.5 Maces & Flails
 + Level 6.1 Armour
 + Level 0.6 Dodging
 + Level 0.8 Stealth
 + Level 6.5 Shields


You had 5 spell levels left.
You didn't know any spells.
Your spell library was empty.

Dungeon Overview and Level Annotations

Branches:
Dungeon (1/1)

Altars:
Cheibriados
Dithmenos
Elyvilon
Fedhas
Gozag
Hepliaklqana
Kikubaaqudgha
Makhleb
Nemelex Xobeh
Okawaru
Qazlal
Ru
Sif Muna
Trog
Uskayaw
Vehumet
Wu Jian
Xom
Yredelemnul
Zin
The Shining One
Beogh
Jiyva
Lugonu


Message History

* * * LOW HITPOINT WARNING * * *
Something hits you but does no damage.
You miss something. You block something's attack. Something hits you.
* * * LOW HITPOINT WARNING * * *
Something hits you.
* * * LOW HITPOINT WARNING * * *
You miss something. Something hits you but does no damage.
Your shield and chain mail prevent you from hitting something.
Something completely misses you.
Something hits you but does no damage. x2
You closely miss something. Something hits you.
* * * LOW HITPOINT WARNING * * *
Something hits you but does no damage.
You hit something.
You flicker back into view.
Something hits you but does no damage.
You miss something.
Something hits you but does no damage. x2
You block something's attack.
You barely miss something. Something hits you but does no damage.
Something hits you.
You die...

▓.▓
▓.▓
▓.▓
▓.▓
▓.▓
▓s▓
▓{▓
▓@▓
▓.▓
▓[▓
▓)▓
▓.▓
▓.▓
▓)▓
▓.▓
▓.▓


You could see a scorpion.

Vanquished Creatures
  An ogre (D)
  A hound (D)
  An orc priest (D)
  An orc wizard (D)
  2 adders (D)
  2 ufetubi (D)
  A worm (D)
  2 hobgoblins (D)
  A bat (D)
  2 kobolds (D)
14 creatures vanquished.

Notes
Turn   | Place    | Note
-------+----------+-------------------------------------------
     0 | D        | mhtbhm the Human Fighter began the quest for the Orb.
     0 | D        | Reached XP level 1. HP: 18/18 MP: 1/1
   211 | D        | Noticed an orc wizard
   211 | D        | Noticed a hound
   216 | D        | Killed a hound
   217 | D        | Reached XP level 2. HP: 19/26 MP: 2/2
   217 | D        | Reached XP level 3. HP: 23/31 MP: 3/3
   224 | D        | Reached skill level 5 in Fighting
   224 | D        | Reached skill level 5 in Shields
   224 | D        | Reached XP level 4. HP: 9/39 MP: 4/4
   236 | D        | Reached skill level 5 in Armour
   243 | D        | Found a roughly hewn altar of Beogh.
   243 | D        | Found a snail-covered altar of Cheibriados.
   243 | D        | Found a shadowy altar of Dithmenos.
   243 | D        | Found a white marble altar of Elyvilon.
   243 | D        | Found a blossoming altar of Fedhas.
   243 | D        | Found an opulent altar of Gozag.
   244 | D        | Found a hazy altar of Hepliaklqana.
   245 | D        | Found a viscous altar of Jiyva.
   246 | D        | Found an ancient bone altar of Kikubaaqudgha.
   247 | D        | Found a corrupted altar of Lugonu.
   248 | D        | Found a burning altar of Makhleb.
   249 | D        | Found a sparkling altar of Nemelex Xobeh.
   250 | D        | Found an iron altar of Okawaru.
   251 | D        | Found a stormy altar of Qazlal.
   252 | D        | Found a sacrificial altar of Ru.
   253 | D        | Found a shimmering blue altar of Sif Muna.
   254 | D        | Found a bloodstained altar of Trog.
   255 | D        | Found a hide-covered altar of Uskayaw.
   256 | D        | Found a radiant altar of Vehumet.
   257 | D        | Found an ornate altar of the Wu Jian Council.
   258 | D        | Became a worshipper of Warmaster Okawaru
   259 | D        | Found a shimmering altar of Xom.
   260 | D        | Found a basalt altar of Yredelemnul.
   261 | D        | Found a glowing silver altar of Zin.
   262 | D        | Found a glowing golden altar of the Shining One.
   528 | D        | Noticed an ogre
   535 | D        | Reached skill level 5 in Maces & Flails
   535 | D        | Reached XP level 5. HP: 26/44 MP: 5/5
   540 | D        | Killed an ogre
   541 | D        | Reached XP level 6. HP: 32/52 MP: 6/6
   569 | D        | HP: 1/52 [something (6)]
   572 | D        | Slain by an unseen horror

Illustrated notes

Levels and vault maps discovered:
D:        linesprint [early_d, line_temple, items_1, d_10, items_2, lair_1,
          lair_end, items_3, orc_1, orc_end, items_4, d_15, swamp_1, shoals_1,
          snake_1, spider_1, d_20, vaults_1, items_5, swamp_end, shoals_end,
          snake_end, spider_end, vaults_end, d_27, items_6, zot_1, zot_end,
          crypt_end, forest_end, elf_end, slime_end, tomb_end, abyss_end,
          pan_hell_end]

Skill      XL: |  1  2  3  4  5 |
---------------+----------------+-----
Fighting       | 4 5 6 |  6.2
Maces & Flails | 3 5 6 |  6.5
Armour         | 4 5 6 |  6.1
Shields        | 4 5 6 |  6.5
Dodging        | |  0.6
Stealth        | |  0.8

Action                   |  1- 3 |  4- 6 || total
-------------------------+-------+-------++-------
Melee: Flail             |    27 |    11 ||    38
       Morningstar       |       |    42 ||    42
  Use: Potion            |     2 |     3 ||     5
 Stab: Invisible         |       |     2 ||     2
Armor: Scale mail        |    14 |     6 ||    20
       Chain mail        |       |    40 ||    40
Dodge: Dodged            |     8 |    12 ||    20
Block: Kite shield       |    17 |    22 ||    39

Table legend: (Time is in decaauts)
 A = Elapsed time spent in this place.
 B = Non-inter-level travel time spent in this place.
 C = Inter-level travel time spent in this place.
 D = Time resting spent in this place.
 E = Time spent auto-exploring this place.
 F = Levels seen in this place.
 G = Mean time per level.
                   A        B        C        D        E       F      G
               +--------+--------+--------+--------+--------+-----+--------+
         Total |    615 |    615 |      0 |    385 |      3 |   1 |  615.0 |
       Dungeon |    615 |    615 |      0 |    385 |      3 |   1 |  615.0 |
               +--------+--------+--------+--------+--------+-----+--------+

Top non-repeatable levels by time:
       D: 615 daAuts
